 Dungeon Crawl Stone Soup version 0.28.0-53-g5a82cb258f (webtiles) character file.

Game seed: 2712398325177572824

1658 cbfl8 the Cleaver (level 8, 0/106 HPs)
             Began as a Minotaur Berserker on Nov 15, 2022.
             Was a Believer of Trog.
             Slain by a two-headed ogre
             ... wielding a +0 giant club
              (27 damage)
             ... on level 7 of the Dungeon.
             The game lasted 00:05:11 (7682 turns).

cbfl8 the Cleaver (Minotaur Berserker)              Turns: 7682, Time: 00:05:12

Health: 0/106      AC:  8    Str: 22    XL:     8   Next: 68%
Magic:  7/7        EV: 12    Int:  4    God:    Trog [**....]
Gold:   205        SH:  0    Dex: 12    Spells: 7/7 levels left

rFire   + . .      SeeInvis .   a - +0 battleaxe
rCold   . . .      Faith    .   (shield currently unavailable)
rNeg    . . .      Spirit   .   k - +0 ring mail
rPois   +          Reflect  .   (helmet restricted)
rElec   .          Harm     .   g - +0 cloak
rCorr   .          Rampage  .   (no gloves)
Will    .....                   x - +0 pair of boots
Stlth   ..........              (no amulet)
HPRegen 0.27/turn               f - ring of poison resistance
MPRegen 0.10/turn               h - ring of protection from fire

@: berserking, very quick
A: horns 2, retaliatory headbutt
a: Renounce Religion, Berserk, Trog's Hand


You were on level 7 of the Dungeon.
You worshipped Trog.
Trog was pleased with you.
You visited 1 branch of the dungeon, and saw 7 of its levels.

You collected 247 gold pieces.
You spent 42 gold pieces at shops.

Inventory:

Hand Weapons
 a - a +0 battleaxe (weapon)
Missiles
 u - a throwing net (quivered)
Armour
 g - a +0 cloak (worn)
 k - a +0 ring mail (worn)
 x - a +0 pair of boots (worn)
Jewellery
 b - a ring of poison resistance
 e - a +6 ring of dexterity
 f - a ring of poison resistance (left hand)
 h - a ring of protection from fire (right hand)
Wands
 v - a wand of flame (32)
Scrolls
 j - a scroll of enchant weapon {unknown}
 l - 2 scrolls of fog
 m - a scroll of amnesia {unknown}
 n - a scroll of summoning
 p - 6 scrolls of teleportation
 q - a scroll of magic mapping {unknown}
 t - a scroll of enchant armour {unknown}
Potions
 c - a potion of might {unknown}
 d - 2 potions of berserk rage
 o - a potion of degeneration {unknown}
 r - 4 potions of curing
 s - a potion of heal wounds {unknown}
 w - a potion of mutation {unknown}


   Skills:
 * Level 6.9 Fighting
 * Level 9.2 Axes
 + Level 5.1 Armour
 * Level 5.1 Dodging
 + Level 1.1 Stealth
 * Level 3.0 Evocations


You had 7 spell levels left.
You didn't know any spells.
Your spell library was empty.

Dungeon Overview and Level Annotations

Branches:
Dungeon (7/15)             Temple (0/1) D:5

Altars:
Qazlal
Sif Muna

Shops:
D:7 *


Innate Abilities, Weirdness & Mutations

You have a pair of horns on your head.
You reflexively headbutt those who attack you in melee.


Message History

a +1 whip of freezing; a +0 robe; the kobold corpse of Pikel
Found a shiny orb.
No target in view!
Found Vonuryfi's General Store.
No target in view!
Found a robe.
No target in view!
There is an entrance to Vonuryfi's General Store here.
p - 6 scrolls of teleportation (gained 1) Thank you for shopping at Vonuryfi's General Store!
Search for what [Enter for "."]? .
There is a fountain of clear blue water here.
You see here an orb of energy.
You open the door.
Found a runed scythe.
No target in view!
There is an open door here.
Found a stone staircase leading down.
No target in view!
A two-headed ogre comes into view.
It is wielding a +0 giant club and a +0 giant spiked club.
The two-headed ogre shouts in stereo!
A two-headed ogre is nearby!
A two-headed ogre is nearby!
The two-headed ogre barely misses you. x2
A two-headed ogre is nearby!
You hit the two-headed ogre but do no damage.
You headbutt the two-headed ogre.
The two-headed ogre is lightly wounded.
The two-headed ogre hits you with a +0 giant club!
The two-headed ogre closely misses you.
You slash the two-headed ogre!
The two-headed ogre is heavily wounded.
The two-headed ogre hits you with a +0 giant club!!
The two-headed ogre hits you with a +0 giant spiked club!
* * * LOW HITPOINT WARNING * * *
You are too injured to fight recklessly!
A red film seems to cover your vision as you go berserk!
You feel yourself moving faster!
You feel mighty!
The two-headed ogre hits you with a +0 giant club!!
You die...

##############
#............#
#.....@O.....#
#............#
#...##.......# #.....
#...##.......# #.....
#####...##########
#.....
........#........#
#.....
.......)'........#
#.....
........#........#
#.....
######........#........#
#.....


You could see a two-headed ogre.

Vanquished Creatures
  Pikel (D:7)
  A water moccasin (D:6)
  An ice beast (D:6)
  3 black bears
  2 ogres
  A lemure (D:7)
  A centaur (D:5)
  A wyvern zombie (D:6)
  2 scorpions
  A water moccasin zombie (D:5)
  A centaur zombie (D:6)
  A bullfrog zombie (D:3)
  2 orc priests
  An orc wizard (D:6)
  3 gnolls (D:5)
  2 adders (D:2)
  2 worms
  6 dart slugs
  6 orcs
  2 bats
  7 endoplasms
  A giant cockroach (D:3)
  2 goblins
  4 hobgoblins
  2 jackals (D:2)
  5 kobolds
  2 quokkas
  4 ball pythons
  4 frilled lizards
  5 rats
76 creatures vanquished.

Notes
Turn   | Place    | Note
-------+----------+-------------------------------------------
     0 | D:1      | cbfl8 the Minotaur Berserker began the quest for the Orb.
     0 | D:1      | Reached XP level 1. HP: 19/19 MP: 0/0
   304 | D:1      | Reached XP level 2. HP: 24/27 MP: 1/1
   366 | D:1      | Found a faded altar of an unknown god.
   859 | D:1      | Reached skill level 4 in Axes
  1078 | D:2      | Found a stormy altar of Qazlal.
  1232 | D:2      | Identified the +3 falchion of Coloak {vorpal, *Corrode rC+
                  | SInv}
  1418 | D:2      | Reached XP level 3. HP: 11/34 MP: 2/2
  1742 | D:2      | Reached ** piety under Trog
  2003 | D:3      | Noticed an ogre
  2015 | D:2      | Killed an ogre
  2016 | D:2      | Reached skill level 5 in Axes
  2016 | D:2      | Reached XP level 4. HP: 40/41 MP: 3/3
  2016 | D:2      | Reached XP level 5. HP: 46/47 MP: 4/4
  2279 | D:3      | Found a shimmering blue altar of Sif Muna.
  2422 | D:3      | Reached skill level 5 in Fighting
  2811 | D:3      | Reached skill level 1 in Evocations
  3384 | D:4      | Reached skill level 6 in Axes
  3736 | D:4      | Reached XP level 6. HP: 37/56 MP: 5/5
  4500 | D:5      | Entered Level 5 of the Dungeon
  4756 | D:5      | Found a staircase to the Ecumenical Temple.
  5592 | D:5      | Reached XP level 7. HP: 61/61 MP: 6/6
  5796 | D:5      | Reached skill level 7 in Axes
  6767 | D:6      | Reached XP level 8. HP: 38/71 MP: 7/7
  6774 | D:6      | Reached skill level 8 in Axes
  6953 | D:6      | Reached skill level 1 in Stealth
  7461 | D:7      | Noticed Pikel
  7470 | D:7      | Killed Pikel
  7471 | D:7      | Reached skill level 9 in Axes
  7471 | D:7      | Reached skill level 5 in Armour
  7471 | D:7      | Reached skill level 5 in Dodging
  7635 | D:7      | Found Vonuryfi's General Store.
  7643 | D:7      | Bought a scroll of teleportation for 42 gold pieces
  7676 | D:7      | Noticed a two-headed ogre
  7682 | D:7      | Slain by a two-headed ogre

Illustrated notes

Levels and vault maps discovered:
D:1:      lightli_arrival_flooded_house, layout_loops_ring,
          dreamdust_ecumenical_altar_angels_and_demons
D:2:      layout_loops_cross, basic_altar
D:3:      layout_basic, old_standard_altar
D:4:      layout_basic
D:5:      layout_layer_cave, minmay_temple_entry_proselytizer
D:6:      layout_loops_corners, hangedman_decor_lopped
D:7:      layout_gridville, serial_shops,
          nicolae_shop_temple_entry_statues_fountains,
          kennysheep_generic_room_8, uniq_pikel

Skill      XL: |  1  2  3  4  5  6  7  8 |
---------------+-------------------------+-----
Fighting       | 4 5 6 |  6.9
Axes           | 4 5 6 7 9 |  9.2
Evocations     | 1 2 3 |  3.0
Dodging        | 3 4 5 |  5.1
Armour         | 3 4 5 |  5.1
Stealth        | 1 |  1.1

Action                   |  1- 3 |  4- 6 |  7- 9 || total
-------------------------+-------+-------+-------++-------
Melee: Hand axe          |    68 |    83 |    34 ||   185
       Headbutt          |    17 |    21 |    16 ||    54
       Battleaxe         |       |       |    49 ||    49
Invok: Berserk           |     1 |       |     2 ||     3
  Use: Scroll            |       |       |     6 ||     6
Armor: Animal skin       |     4 |       |       ||     4
       Ring mail         |     3 |    29 |    36 ||    68
Dodge: Dodged            |    38 |    50 |    64 ||   152
